 Dungeon Crawl Stone Soup version 0.27-a0-1431-gcffa5a9b16 (webtiles) character file.

Game seed: 638730268744277197

1099 quinnr the Zephyrmancer (level 8, 0/41 HPs)
             Began as a Tengu Air Elementalist on July 2, 2021.
             Slain by a water moccasin (9 damage)
             ... on level 6 of the Dungeon.
             The game lasted 00:17:31 (8044 turns).

quinnr the Zephyrmancer (Tengu Air Elementalist)    Turns: 8044, Time: 00:17:31

Health: 0/41       AC:  2    Str:  9    XL:     8   Next: 32%
Magic:  1/16       EV: 14    Int: 18    God:
Gold:   262        SH:  0    Dex: 14    Spells: 4/17 levels left

rFire    + . .     SeeInvis .   k - +0 spear
rCold    + + .     Faith    .   (no shield)
rNeg     . . .     Spirit   .   s - +0 robe {rC+ rF+}
rPois    .         Reflect  .   (helmet restricted)
rElec    .         Harm     .   c - scarf {shadows}
rCorr    .         Rampage  .   (no gloves)
Will     .....                  (boots unavailable)
Stlth    ++........             (no amulet)
HPRegen  0.13/turn              q - ring of protection from cold
MPRegen  0.15/turn              (no ring)

@: lethally poisoned (0 -> -9), flying quickly and evasively, quick
A: beak, talons 3, nimble flight
a: no special abilities


You were on level 6 of the Dungeon.
You visited 2 branches of the dungeon, and saw 7 of its levels.
You also visited: Sewer.

You collected 262 gold pieces.

Inventory:

Hand Weapons
 k - a +0 spear (weapon)
Missiles
 g - 6 poisoned darts
 o - 6 atropa-tipped darts
Armour
 a - a +0 robe
 b - a +0 cloak
 c - a scarf of shadows (worn)
 s - a +0 robe of resistance (worn)
Jewellery
 q - a ring of protection from cold (left hand)
Wands
 d - a wand of iceblast (10)
 p - a wand of flame (11)
Scrolls
 e - a scroll of enchant weapon
 f - 3 scrolls of teleportation {unknown}
 l - a scroll of magic mapping {unknown}
 m - a scroll of amnesia {unknown}
Potions
 h - 3 potions of flight
 i - a potion of curing
 j - a potion of heal wounds
 n - a potion of resistance {unknown}
 r - a potion of ambrosia


   Skills:
 - Level 2.1 Dodging
 - Level 2.0 Stealth
 - Level 5.0 Spellcasting
 - Level 1.3 Conjurations
 + Level 11.0 Air Magic
 - Level 1.0 Poison Magic


You had 4 spell levels left.
You knew the following spells:

 Your Spells              Type           Power      Damage    Failure   Level
a - Shock                 Conj/Air       100%       1d9       1%          1
b - Mephitic Cloud        Conj/Pois/Air  20%        N/A       6%          3
c - Airstrike             Air            22%        N/A       1%          4
d - Lightning Bolt        Conj/Air       13%        1d26      28%         5

Your spell library contained the following spells:

 Spells                   Type           Power      Damage    Failure   Level
 Static Discharge         Conj/Air       26%        N/A       1%          2
 Swiftness                Air            44%        N/A       1%          3
 Magic Dart               Conj           36%        1d4       8%          1
 Call Imp                 Summ           4%         N/A       21%         2
 Ozocubu's Armour         Ice            4%         N/A       36%         3
 Animate Dead             Necr           2%         N/A       78%         4
 Conjure Ball Lightning   Conj/Air       13%        3x3d6     85%         6
 Haunt                    Necr/Summ      2%         N/A       100%        7
 Ozocubu's Refrigeration  Ice            2%         4d5       100%        7
 Discord                  Hex            2%         N/A       100%        8
 Disjunction              Tloc           2%         N/A       100%        8
 Infestation              Necr           2%         N/A       100%        8


Dungeon Overview and Level Annotations

Branches:
Dungeon (6/15)             Temple (1/1) D:4           Sewer (visited)

Altars:
Ashenzari
Dithmenos
Elyvilon
Fedhas
Gozag
Hepliaklqana
Kikubaaqudgha
Ru
Uskayaw
Wu Jian
Xom
Yredelemnul
The Shining One
Jiyva

Shops:
D:1 [   D:2 *   D:3 (

Annotations:
D:5 Prince Ribbit


Innate Abilities, Weirdness & Mutations

You have a beak for a mouth.
You have claws for feet.
Your magical nature lets you fly swiftly and evasively.


Message History

The bolt of fire misses you.
Aiming: Iceblast
Press: ? - help, Shift-Dir - straight line, f/p - Maggie
Aim: Maggie, wielding a +0 war axe and wearing +0 steam dragon scales (almost dead, mesmerising)
The mass of ice explodes!
The iceblast engulfs Maggie!
You break out of your daze!
You kill Maggie!
The water moccasin bites you. x2
Training target 5.0 for Spellcasting reached!
Your Spellcasting skill increases to level 5!
Your Air Magic skill increases to level 11!
You have reached level 8!
You feel stronger. The water moccasin barely misses you.
The water moccasin bites you!
Casting: Shock (safe; 1% risk of failure)
Confirm with . or Enter, or press ? or * to list all spells.
Aiming: Shock (safe; 1% risk of failure)
Press: ? - help, Shift-Dir - straight line The zap hits the water moccasin.
The water moccasin is lightly wounded.
The zap hits the water moccasin.
The water moccasin is moderately wounded.
The water moccasin bites you.
You are lethally poisoned!
The water moccasin poisons you!
* * * LOW HITPOINT WARNING * * *
You feel very sick.
Casting: Shock (safe; 1% risk of failure)
Confirm with . or Enter, or press ? or * to list all spells.
Aiming: Shock (safe; 1% risk of failure)
Press: ? - help, Shift-Dir - straight line The zap misses the water moccasin.
The zap hits the ogre!
The ogre is moderately wounded.
The zap hits the ogre.
The ogre is heavily wounded.
* * * LOW HITPOINT WARNING * * *
You feel sick. The water moccasin barely misses you.
The water moccasin bites you!
You die...

.. #.# .# ... #.# .# ..(.
#.##.# .....#....#
#.....## #.
########.#########
###.#####................#
........#.###..#.#######.#
........#@# #....# #.#
.....(..#S# #.#### #.#
...)O...#.# #.# ########.#
........#O# #.# #.....##.#
#..#.....# #.###.###.##.#
#.##### #.....# #.##.# #.
####### #....# #. ######
#.


You could see a water moccasin and an ogre.

Vanquished Creatures
  Maggie (D:6)
  A black bear (D:5)
  An ogre (D:5)
  A kobold brigand (Sewer)
  2 scorpions (D:5)
  A water moccasin zombie (D:6)
  A jelly (D:4)
  A gnoll shaman (D:4)
  An orc wizard (D:3)
  An iguana (D:5)
  3 hound skeletons
  A howler monkey zombie (D:4)
  4 gnolls (D:4)
  8 adders
  2 river rats (Sewer)
  An ufetubus (D:5)
  A dart slug (D:3)
  2 orcs (D:3)
  7 endoplasms
  9 giant cockroaches
  8 goblins
  10 hobgoblins
  10 jackals
  3 quokkas (D:3)
  6 ball pythons
  8 bats
  4 frilled lizards
  11 kobolds
  7 rats
116 creatures vanquished.

Notes
Turn   | Place    | Note
-------+----------+-------------------------------------------
     0 | D:1      | quinnr the Tengu Air Elementalist began the quest for the
                  | Orb.
     0 | D:1      | Reached XP level 1. HP: 10/10 MP: 4/4
   438 | D:1      | Reached XP level 2. HP: 15/15 MP: 4/6
   575 | D:1      | Reached skill level 5 in Air Magic
   838 | D:1      | Upgraded the game from 0.27-a0-1416-g941b2bd30b to
                  | 0.27-a0-1431-gcffa5a9b16
  1012 | D:1      | Reached XP level 3. HP: 19/19 MP: 1/7
  1591 | D:1      | Found Jaqixkare's Antique Armour Shop.
  1836 | D:1      | Found a faded altar of an unknown god.
  1950 | D:2      | Found a sacrificial altar of Ru.
  2107 | D:2      | Reached skill level 6 in Air Magic
  2431 | D:2      | Found Coahehy's Assorted Antiques.
  2863 | D:2      | Reached XP level 4. HP: 21/24 MP: 4/8
  3169 | D:2      | Learned a level 3 spell: Mephitic Cloud
  3527 | D:3      | Reached skill level 1 in Poison Magic
  3532 | D:3      | Reached skill level 7 in Air Magic
  3612 | D:3      | Gained mutation: Your magical nature lets you fly swiftly
                  | and evasively. [Tengu growth]
  3612 | D:3      | Reached XP level 5. HP: 22/28 MP: 5/9
  3685 | D:3      | Found a faded altar of an unknown god.
  3687 | D:3      | Found a hazy altar of Hepliaklqana.
  3745 | D:3      | Found a glowing drain.
  3751 | Sewer    | Entered a sewer
  4048 | Sewer    | Noticed a kobold brigand
  4062 | Sewer    | Killed a kobold brigand
  4063 | Sewer    | Reached skill level 8 in Air Magic
  4063 | Sewer    | Reached XP level 6. HP: 32/32 MP: 3/10
  4154 | Sewer    | Found a white marble altar of Elyvilon.
  4290 | D:3      | Found Gail's Weapon Shoppe.
  5022 | D:4      | Found a staircase to the Ecumenical Temple.
  5030 | Temple   | Entered the Ecumenical Temple
  5258 | D:4      | Reached skill level 9 in Air Magic
  6030 | D:4      | Found a glowing golden altar of the Shining One.
  6150 | D:4      | Found a hide-covered altar of Uskayaw.
  6210 | D:5      | Entered Level 5 of the Dungeon
  6225 | D:5      | Noticed Prince Ribbit
  6781 | D:5      | Reached XP level 7. HP: 34/36 MP: 3/11
  6845 | D:4      | Learned a level 4 spell: Airstrike
  6963 | D:5      | Reached skill level 10 in Air Magic
  7056 | D:5      | HP: 1/36 [black bear (3)]
  7527 | D:5      | Found a blossoming altar of Fedhas.
  7537 | D:5      | Learned a level 5 spell: Lightning Bolt
  8028 | D:6      | Noticed Maggie
  8036 | D:6      | Killed Maggie
  8037 | D:6      | Reached skill level 5 in Spellcasting
  8037 | D:6      | Reached skill level 11 in Air Magic
  8037 | D:6      | Reached XP level 8. HP: 22/41 MP: 2/16
  8044 | D:6      | Slain by a water moccasin

Illustrated notes

Levels and vault maps discovered:
D:1:      minmay_arrival_hallway, layout_loops_corners, serial_shops,
          shop_statue, ebering_ecumenical_altar_mist, minivault_14
D:2:      layout_basic, serial_shops, nicolae_shop_overgrown_old_shop,
          basic_altar, serial_park_tiny_pond, interstate_on_off,
          minmay_joined_circles
D:3:      layout_loops_corners, beargit_hepliaklqana_dungeon_heroes,
          serial_shops, shop, gup_sewer_entry_pipe, nrook_campfire
D:4:      layout_basic, overflow_temple_1_default,
          nicolae_overflow_hidden_temple, minmay_temple_entry_grid
D:5:      layout_loops_corners, old_standard_altar, uniq_prince_ribbit1
D:6:      layout_basic, nicolae_qazlal_general_emergency, serial_shops,
          nicolae_shop_competitors_out_of_business, minmay_misc_feat_iff,
          uniq_eustachio, uniq_menkaure, uniq_maggie
Temple:   pf_slimified_temple

Skill      XL: |  1  2  3  4  5  6  7 |
---------------+----------------------+-----
Air Magic      | 5 6 7 8 9 11 | 11.0
Poison Magic   | 1 |  1.0
Spellcasting   | 5 |  5.0
Dodging        | |  2.1
Stealth        | |  2.0
Conjurations   | |  1.3

Action                   |  1- 3 |  4- 6 |  7- 9 || total
-------------------------+-------+-------+-------++-------
Melee: Unarmed           |    13 |    27 |       ||    40
       Kick              |     2 |     3 |       ||     5
       Peck              |       |     3 |       ||     3
       Spear             |       |     6 |     2 ||     8
 Cast: Shock             |    88 |   128 |     8 ||   224
       Mephitic Cloud    |       |     5 |     2 ||     7
       Airstrike         |       |       |    14 ||    14
Evoke: Wand              |       |       |     4 ||     4
  Use: Scroll            |       |     5 |     2 ||     7
       Potion            |       |     1 |       ||     1
 Stab: Sleeping          |       |     1 |       ||     1
Armor: Robe              |     4 |    11 |       ||    15
       Skin              |       |    18 |       ||    18
Dodge: Dodged            |    24 |    48 |    10 ||    82

Table legend: (Time is in decaauts)
 A = Elapsed time spent in this place.
 B = Non-inter-level travel time spent in this place.
 C = Inter-level travel time spent in this place.
 D = Time resting spent in this place.
 E = Time spent auto-exploring this place.
 F = Levels seen in this place.
 G = Mean time per level.
                   A        B        C        D        E       F      G
               +--------+--------+--------+--------+--------+-----+--------+
         Total |   7815 |   7485 |    330 |   1295 |   5281 |   8 |  976.9 |
       Dungeon |   7266 |   6953 |    313 |   1082 |   5022 |   6 | 1211.0 |
        Temple |     97 |     80 |     17 |      0 |     79 |   1 |   97.0 |
         Sewer |    451 |    451 |      0 |    213 |    180 |   1 |  451.0 |
               +--------+--------+--------+--------+--------+-----+--------+

Top non-repeatable levels by time:
     D:1: 1896 daAuts
     D:4: 1540 daAuts
     D:2: 1346 daAuts
     D:3: 1230 daAuts
     D:5: 1099 daAuts
   Sewer: 451 daAuts
     D:6: 152 daAuts
  Temple: 97 daAuts
